[Event "Titled Tuesday Blitz December 27 Late 2022"]
[White "Rustemov, Alexander"]
[Black "Sztokbant, Bernardo Vainzoff"]
[WhiteFideId "4119002"]
[BlackFideId "2115956"]
[WhiteElo "2525"]
[BlackElo "2213"]
[Result "1-0"]
[Round "03"]
[TimeControl "180+2"]
[Date "2022.12.27"]
[WhiteClock "0:00:38"]
[BlackClock "0:00:13"]

1. d4 Nf6 2. c4 e6 3. Nf3 d5 4. Nc3 Be7 5. Bf4 O-O 6. e3 b6 7. Rc1 Bb7 8. cxd5 exd5 9. Bd3 c5 10. O-O Nc6 11. h3 c4 12. Bb1 a6 13. a4 Na5 14. Bc2 Re8 15. Ne5 Bd6 16. Qf3 Nc6 17. Nxc6 Bxc6 18. Bg5 Be7 19. b3 b5 20. axb5 axb5 21. bxc4 bxc4 22. Ra1 h6 23. Bxf6 Bxf6 24. Rfb1 Rxa1 25. Rxa1 Qd7 26. Qf5 Qxf5 27. Bxf5 Ra8 28. Rxa8+ Bxa8 29. Bg4 Be7 30. Bf3 Bb4 31. Nxd5 Bxd5 32. Bxd5 c3 33. Bb3 Kf8 34. Kf1 Ke7 35. Ke2 f6 36. Kd3 Kd6 37. Ke4 Ba3 38. Kf5 Ke7 39. Kg6 Kf8 40. e4 Bb2 41. Bc2 Ba3 42. f4 Bd6 43. e5 fxe5 44. fxe5 Bc7 45. Kf5 Ke7 46. d5 Bb6 47. d6+ Kf8 48. e6 Bc5 49. e7+ Kf7 50. Bb3+ 1-0


[Site "https://www.chess.com"]

[Event "Titled Tuesday Blitz December 27 Late 2022"]
[White "Sadilek, Peter"]
[Black "Melikyan, Gnel"]
[WhiteFideId "1616439"]
[BlackFideId "54109990"]
[WhiteElo "2314"]
[BlackElo "2238"]
[Result "1/2-1/2"]
[Round "03"]
[TimeControl "180+2"]
[Date "2022.12.27"]
[WhiteClock "0:00:09"]
[BlackClock "0:00:10"]

1. Nf3 d6 2. e4 Nf6 3. Nc3 e5 4. d4 Nc6 5. Bb5 Bd7 6. O-O a6 7. Bxc6 Bxc6 8. dxe5 Nxe4 9. Nxe4 Bxe4 10. exd6 Qxd6 11. Qe2 f5 12. Ng5 Qe7 13. Bf4 O-O-O 14. Rfe1 Re8 15. Qc4 Qc5 16. Qf7 Re7 17. Nxe4 Rxf7 18. Nxc5 Bxc5 19. Be5 Re8 20. Kf1 Kd7 21. Rad1+ Bd6 22. Bxd6 Rxe1+ 23. Kxe1 cxd6 24. h4 f4 25. Ke2 Rf5 26. Kf3 h6 27. Rd4 g5 28. hxg5 hxg5 29. Kg4 Re5 30. Rb4 b5 31. c4 bxc4 32. Rxc4 Re2 33. Kf3 Rxb2 34. Ra4 Ke6 35. Rxa6 Ke5 36. Ra8 d5 37. Re8+ Kd4 38. Rg8 Rxa2 39. Rxg5 Kc4 40. Rf5 d4 41. Rxf4 Kc3 42. Rf8 d3 43. Rc8+ Kd2 44. g4 Ke1 45. g5 Rxf2+ 46. Kg3 d2 47. Rd8 Rf1 48. Kg4 Ke2 49. Rxd2+ Kxd2 50. g6 Ke3 51. Kg5 Ke4 52. g7 Ke5 53. Kg6 Rg1+ 54. Kf7 Rf1+ 55. Kg6 Kd6 56. g8=Q Rg1+ 57. Kf7 Rxg8 58. Kxg8 1/2-1/2


[Site "https://www.chess.com"]

[Event "Titled Tuesday Blitz December 27 Late 2022"]
[White "Sailer, Mike"]
[Black "Bas Mas, Jose Joaquin"]
[WhiteFideId "2012901"]
[BlackFideId "22219064"]
[WhiteElo "2109"]
[BlackElo "2197"]
[Result "1-0"]
[Round "03"]
[TimeControl "180+2"]
[Date "2022.12.27"]
[WhiteClock "0:00:15"]
[BlackClock "0:01:01"]

1. d4 f5 2. g3 Nf6 3. Bg2 e6 4. b3 Bb4+ 5. c3 Be7 6. Bb2 O-O 7. Nd2 d5 8. Nh3 c6 9. Nf4 a5 10. a4 Na6 11. O-O Nc7 12. f3 Bd6 13. Nd3 b6 14. e4 fxe4 15. fxe4 Ba6 16. Qc2 dxe4 17. Nxe4 Ncd5 18. Nxd6 Ne3 19. Qe2 Nxf1 20. Qxe6+ Kh8 21. Ne5 Ra7 22. Bxf1 Bc8 23. Ndf7+ Kg8 24. Nh6+ Kh8 25. Nef7+ Raxf7 26. Nxf7+ Rxf7 27. Qxf7 Nd5 28. Re1 Bd7 29. Bh3 1-0


[Site "https://www.chess.com"]

[Event "Titled Tuesday Blitz December 27 Late 2022"]
[White "Salman, Pavel"]
[Black "Oro, Faustino"]
[WhiteFideId "24153753"]
[BlackFideId "20000197"]
[WhiteElo "2287"]
[BlackElo "2269"]
[Result "1-0"]
[Round "03"]
[TimeControl "180+2"]
[Date "2022.12.27"]
[WhiteClock "0:00:15"]
[BlackClock "0:00:08"]

1. Nf3 Nf6 2. g3 d5 3. Bg2 c6 4. O-O Bf5 5. d3 e6 6. Nfd2 h6 7. e4 Bh7 8. Nc3 Be7 9. Qe2 O-O 10. Kh1 c5 11. f4 Nc6 12. Nf3 Nd4 13. Nxd4 cxd4 14. Nd1 Qc7 15. g4 dxe4 16. dxe4 Nd7 17. c3 dxc3 18. Nxc3 Nc5 19. Be3 Rad8 20. Rac1 Qa5 21. f5 Rc8 22. e5 Rfd8 23. f6 Bf8 24. Qf3 Rd7 25. g5 hxg5 26. Bxg5 Nd3 27. Rcd1 Nxe5 28. Qg3 Rxd1 29. Rxd1 Bg6 30. fxg7 Bxg7 31. Bxb7 Re8 32. Bg2 Nc4 33. Ne4 Nxb2 34. Rg1 Qf5 35. Nd6 Qd3 36. Nxe8 Qd7 37. Nf6+ Bxf6 38. Bxf6 Nd3 39. Qb8+ 1-0


[Site "https://www.chess.com"]

[Event "Titled Tuesday Blitz December 27 Late 2022"]
[White "Sargsyan, Anna M."]
[Black "Schmidt, Harald"]
[WhiteFideId "13308130"]
[BlackFideId "4648358"]
[WhiteElo "2375"]
[BlackElo "2347"]
[Result "1-0"]
[Round "03"]
[TimeControl "180+2"]
[Date "2022.12.27"]
[WhiteClock "0:00:21"]
[BlackClock "0:00:01"]

1. d4 d5 2. c4 e6 3. Nf3 Nf6 4. Nc3 Be7 5. Bf4 a6 6. e3 O-O 7. cxd5 Nxd5 8. Nxd5 exd5 9. a3 Nd7 10. Bd3 Nf6 11. h3 Be6 12. O-O c5 13. dxc5 Bxc5 14. Ng5 Qe7 15. Rc1 Rac8 16. Nxe6 fxe6 17. Qb3 b5 18. a4 bxa4 19. Qxa4 Bd6 20. Bxd6 Qxd6 21. Qxa6 Qxa6 22. Bxa6 Rb8 23. Rc2 Rb6 24. Bd3 Rfb8 25. Rb1 Nd7 26. f4 h6 27. Kf2 Kf7 28. Ke2 Ke7 29. Kd2 Kd6 30. e4 Nc5 31. e5+ Kc6 32. Be2 Rb3 33. Ke1 Kb6 34. Rbc1 Rc8 35. Kf1 d4 36. Bc4 d3 37. Rd2 Rb4 38. Bxe6 Rxf4+ 39. Kg1 Re8 40. Bc4 Rxe5 41. b4 Ne4 42. Rxd3 g5 43. Bd5 h5 44. Rc6+ Kb5 45. Rh6 g4 46. Rd4 g3 47. Bc6+ Kb6 48. Bxe4+ 1-0


[Site "https://www.chess.com"]

[Event "Titled Tuesday Blitz December 27 Late 2022"]
[White "Shapiro, Daniel"]
[Black "Rodriguez Fontecha, Marcos"]
[WhiteFideId "2001780"]
[BlackFideId "2256576"]
[WhiteElo "2284"]
[BlackElo "2309"]
[Result "0-1"]
[Round "03"]
[TimeControl "180+2"]
[Date "2022.12.27"]
[WhiteClock "0:00:03"]
[BlackClock "0:00:10"]

1. d4 d5 2. c4 Nc6 3. cxd5 Qxd5 4. e3 e5 5. Nc3 Bb4 6. Bd2 Bxc3 7. Bxc3 exd4 8. Ne2 Nf6 9. Nxd4 O-O 10. Nxc6 Qxc6 11. Qf3 Qxf3 12. gxf3 Nd5 13. Bd4 f6 14. Bc4 Be6 15. O-O-O Rfd8 16. Rd2 Kf7 17. Rhd1 Nb4 18. Bxe6+ Kxe6 19. Bc5 Rxd2 20. Rxd2 Nc6 21. f4 b6 22. Ba3 Na5 23. b3 c5 24. e4 g6 25. Bb2 Nc6 26. a3 a5 27. h4 a4 28. Kc2 Na5 29. bxa4 Nc4 30. Rd3 Rxa4 31. f3 Nd6 32. Rb3 b5 33. e5 c4 34. Re3 Nf5 35. Re4 Ng3 36. Re3 f5 37. Kc3 Ra6 38. Re1 Nh5 39. Bc1 Nxf4 40. Bxf4 Rxa3+ 41. Kb4 Rb3+ 42. Kc5 Rxf3 43. Bg5 c3 44. Bf6 c2 45. Kxb5 Rb3+ 46. Kc4 Rb1 0-1


[Site "https://www.chess.com"]

[Event "Titled Tuesday Blitz December 27 Late 2022"]
[White "Shtompel, Yuriy"]
[Black "Ptacnikova, Lenka"]
[WhiteFideId "14168278"]
[BlackFideId "305650"]
[WhiteElo "1938"]
[BlackElo "2099"]
[Result "1-0"]
[Round "03"]
[TimeControl "180+2"]
[Date "2022.12.27"]
[WhiteClock "0:00:07"]
[BlackClock "0:00:14"]

1. e4 c5 2. Nf3 e6 3. d4 cxd4 4. Nxd4 a6 5. Bd3 Qc7 6. Qe2 Nc6 7. Nxc6 bxc6 8. c4 e5 9. O-O Nf6 10. Nc3 Bc5 11. h3 O-O 12. Bg5 Qd6 13. Rad1 Bd4 14. Qc2 h6 15. Be3 Bxe3 16. fxe3 Qc5 17. Qe2 Nh7 18. Kh1 a5 19. b3 Ng5 20. Na4 Qe7 21. c5 Ne6 22. Rc1 Rb8 23. Bc4 Ng5 24. Qd3 Bb7 25. Rcd1 Rbd8 26. a3 Ne6 27. b4 axb4 28. axb4 Qh4 29. Bxe6 dxe6 30. Qc4 Qg3 31. Rxd8 Rxd8 32. Qe2 Qg6 33. Qf3 Rd3 34. Nb6 Rb3 35. Rd1 Rxb4 36. Rd7 Rb2 37. Rxb7 Rc2 38. Kh2 Rxc5 39. Rb8+ Kh7 40. Nd7 Rc2 41. Nf8+ 1-0


[Site "https://www.chess.com"]

[Event "Titled Tuesday Blitz December 27 Late 2022"]
[White "Silva, Miguel Antonio Neto"]
[Black "Kaasen, Tor Fredrik"]
[WhiteFideId "1911929"]
[BlackFideId "1516647"]
[WhiteElo "2204"]
[BlackElo "2480"]
[Result "1/2-1/2"]
[Round "03"]
[TimeControl "180+2"]
[Date "2022.12.27"]
[WhiteClock "0:00:08"]
[BlackClock "0:00:10"]

1. d4 Nf6 2. Bf4 g6 3. e3 Bg7 4. h4 c5 5. c3 Qb6 6. Qb3 d6 7. Nd2 Be6 8. Bc4 Qxb3 9. axb3 Bd7 10. Ngf3 Nc6 11. dxc5 dxc5 12. Ng5 O-O 13. O-O b6 14. Rfd1 Na5 15. Be2 h6 16. Nge4 Nxe4 17. Nxe4 Bf5 18. Bf3 Rac8 19. Nxc5 Bc2 20. Rd2 Bxb3 21. Rxa5 bxc5 22. Rxa7 e5 23. Bg3 Rfd8 24. Rdd7 Be6 25. Rxd8+ Rxd8 26. Ra8 Rxa8 27. Bxa8 Kf8 28. e4 Ke7 29. f3 c4 30. Bf2 Kd6 31. Be3 f5 32. Kf1 f4 33. Bf2 g5 34. hxg5 hxg5 35. Ke2 Bf6 36. Kd2 g4 37. Kc2 gxf3 38. gxf3 Bf7 39. Kd2 Bh5 40. Ke2 Bf7 41. Bb7 Bd8 42. Ba6 Ba5 43. Bb5 Bc7 44. Ba4 Ba5 45. Bb5 Bc7 46. Ba4 Bd8 47. Bb5 Be7 48. Ba4 Bd8 49. Bb5 Ba5 50. Ba7 Kc7 51. Bc5 Bb6 52. Bb4 Be3 53. Ba5+ Bb6 54. Bb4 Be3 55. Ba5+ Kd6 56. Bb4+ Bc5 57. Ba5 Ba7 58. Bb4+ Bc5 59. Ba5 Be6 60. Ba4 Bf7 61. Bb5 1/2-1/2


[Site "https://www.chess.com"]

[Event "Titled Tuesday Blitz December 27 Late 2022"]
[White "Silvestre, Christian"]
[Black "Herman, Daniel"]
[WhiteFideId "30956269"]
[BlackFideId "30935008"]
[WhiteElo "1942"]
[BlackElo "1956"]
[Result "1-0"]
[Round "03"]
[TimeControl "180+2"]
[Date "2022.12.27"]
[WhiteClock "0:01:41"]
[BlackClock "0:01:16"]

1. d4 g6 2. Bg5 Bg7 3. Nf3 c5 4. c3 Qb6 5. Qb3 d6 6. e3 Be6 7. Qc2 Nc6 8. Nbd2 Rc8 9. dxc5 Qxc5 10. Be2 Nf6 11. O-O O-O 12. Qa4 h6 13. Bxf6 Bxf6 14. Ne4 Qb6 15. Nxf6+ exf6 16. Qf4 Kg7 17. b3 Ne5 18. c4 Rfd8 19. Rfd1 Qa5 20. Nd4 d5 21. cxd5 Bxd5 22. Qg3 Kh7 23. h4 h5 24. Qf4 Qb6 25. Bxh5 gxh5 26. Nf5 Be6 27. Qh6+ 1-0


[Site "https://www.chess.com"]

[Event "Titled Tuesday Blitz December 27 Late 2022"]
[White "Skvortsov, Andrei"]
[Black "Cruz, William Ferreira Da"]
[WhiteFideId "24108600"]
[BlackFideId "2118050"]
[WhiteElo "2313"]
[BlackElo "2216"]
[Result "1-0"]
[Round "03"]
[TimeControl "180+2"]
[Date "2022.12.27"]
[WhiteClock "0:00:07"]
[BlackClock "0:00:03"]

1. c4 Nf6 2. Nc3 g6 3. g3 Bg7 4. Bg2 O-O 5. e4 d6 6. d4 Nbd7 7. Nge2 e5 8. O-O exd4 9. Nxd4 Re8 10. Re1 Nc5 11. h3 Bd7 12. Bg5 h6 13. Bf4 a5 14. Nd5 Nfxe4 15. Nf3 Nf6 16. Rxe8+ Bxe8 17. Nc3 Bc6 18. Be3 Qd7 19. g4 Re8 20. Rc1 Nfe4 21. Nxe4 Nxe4 22. Nd4 Nf6 23. Nxc6 bxc6 24. Qa4 Ne4 25. Qxa5 Bxb2 26. Rb1 Bg7 27. Rb7 Re7 28. Rb8+ Kh7 29. Qa4 d5 30. cxd5 cxd5 31. Qxd7 Rxd7 32. a4 Nc3 33. a5 d4 34. Bd2 c5 35. a6 Be5 36. Re8 Nb1 37. Rxe5 Nxd2 38. Bb7 Nc4 39. Rxc5 Nb6 40. Rb5 d3 41. Rxb6 d2 42. Bf3 d1=Q+ 43. Bxd1 Rxd1+ 44. Kg2 Ra1 45. Kf3 Kg7 46. h4 Ra3+ 47. Kg2 Ra4 48. f3 Ra2+ 49. Kg3 Ra4 50. h5 gxh5 51. gxh5 Ra5 52. Kg4 Ra4+ 53. Kg3 Ra5 54. Kh4 Ra4+ 55. Kh3 Ra5 56. Kg4 Ra4+ 57. f4 Ra5 58. Rc6 Ra4 59. Kf3 Ra5 60. Ke4 Rxh5 61. f5 Rh4+ 62. Kd5 Ra4 63. Kc5 h5 64. Kb5 Ra2 65. Rc4 Kf6 66. Ra4 Rb2+ 67. Kc6 Rb8 68. a7 Rh8 69. Kb7 Kxf5 70. Ra5+ Kg4 71. Ra4+ Kg5 72. Rc4 f5 73. Rc5 Rh7+ 74. Rc7 Rh8 75. Rg7+ Kf6 76. Rc7 f4 77. Kb6 Ra8 78. Rc5 f3 79. Rxh5 Kg6 80. Rh3 Rf8 81. Rxf3 Rxf3 82. a8=Q Rf6+ 83. Kc5 Rf5+ 84. Kd4 Rf6 85. Qg8+ Kf5 86. Kd5 Rg6 87. Qf7+ Kg5 88. Qh7 Rf6 89. Ke5 Rg6 90. Qh3 Rh6 91. Qg3+ Kh5 92. Kf5 1-0


[Site "https://www.chess.com"]

[Event "Titled Tuesday Blitz December 27 Late 2022"]
[White "Smith, Garrett L"]
[Black "Pershin, Denis"]
[WhiteFideId "2024829"]
[BlackFideId "24165506"]
[WhiteElo "2047"]
[BlackElo "2366"]
[Result "0-1"]
[Round "03"]
[TimeControl "180+2"]
[Date "2022.12.27"]
[WhiteClock "0:00:39"]
[BlackClock "0:00:25"]

1. e4 e5 2. Nf3 d6 3. d4 Nf6 4. Nc3 Nbd7 5. Bc4 Be7 6. O-O O-O 7. a4 c6 8. Ba2 b6 9. Re1 a6 10. Be3 Qc7 11. Nh4 Re8 12. Nf5 Bf8 13. Qf3 exd4 14. Bxd4 Ne5 15. Qg3 Bxf5 16. exf5 b5 17. axb5 axb5 18. Bb3 Rxa1 19. Rxa1 Nfd7 20. f4 Nc4 21. Ra7 Qd8 22. Bxg7 Bxg7 23. Rxd7 Qxd7 24. f6 Qa7+ 25. Kf1 Nd2# 0-1


[Site "https://www.chess.com"]

[Event "Titled Tuesday Blitz December 27 Late 2022"]
[White "Sourath Biswas"]
[Black "Samsonkin, Artiom"]
[WhiteFideId "35091484"]
[BlackFideId "13503111"]
[WhiteElo "2281"]
[BlackElo "2420"]
[Result "0-1"]
[Round "03"]
[TimeControl "180+2"]
[Date "2022.12.27"]
[WhiteClock "0:00:07"]
[BlackClock "0:00:58"]

1. d4 Nf6 2. Bf4 e6 3. e3 d5 4. Nf3 c5 5. c3 Nc6 6. Nbd2 cxd4 7. exd4 Nh5 8. Be3 Bd6 9. Ne5 g6 10. g4 Nf6 11. h4 Nxe5 12. dxe5 Bxe5 13. Nf3 Bd6 14. Bd4 Rg8 15. Bd3 Nxg4 16. Qe2 Qe7 17. O-O-O a6 18. Rhe1 h5 19. Qc2 Bd7 20. Kb1 O-O-O 21. Qb3 Bc5 22. Bxc5 Qxc5 23. c4 Bc6 24. Rc1 d4 25. Qc2 Bxf3 0-1


[Site "https://www.chess.com"]

[Event "Titled Tuesday Blitz December 27 Late 2022"]
[White "Stankovic, Ivan G"]
[Black "Sohal, Tanraj"]
[WhiteFideId "902837"]
[BlackFideId "2608499"]
[WhiteElo "2302"]
[BlackElo "2234"]
[Result "1-0"]
[Round "03"]
[TimeControl "180+2"]
[Date "2022.12.27"]
[WhiteClock "0:00:35"]
[BlackClock "0:00:02"]

1. e4 c6 2. d4 d5 3. e5 g6 4. Nf3 Bg4 5. Be2 h5 6. O-O Nh6 7. Nbd2 Bg7 8. Nb3 Nd7 9. a4 e6 10. a5 a6 11. Bg5 Qc7 12. Qd2 c5 13. c3 Nf5 14. h3 Bxf3 15. Bxf3 c4 16. Nc1 O-O 17. Ne2 b5 18. g4 hxg4 19. hxg4 f6 20. exf6 Nd6 21. Nf4 Rxf6 22. Bxf6 Nxf6 23. Nxe6 Qd7 24. Rae1 Nde4 25. Bxe4 Nxe4 26. Rxe4 dxe4 27. d5 Re8 28. Qg5 Kf7 29. Rd1 Bf6 30. Qf4 g5 31. Qxe4 Rh8 32. Qf5 Qd6 33. Nxg5+ Kg7 34. Ne6+ Kf7 35. f4 Ke7 36. g5 Qd7 37. Qxf6+ Kd6 38. Qxh8 Qa7+ 39. Qd4 1-0


[Site "https://www.chess.com"]

[Event "Titled Tuesday Blitz December 27 Late 2022"]
[White "Subelj, Jan"]
[Black "Moradiabadi, Elshan"]
[WhiteFideId "14618583"]
[BlackFideId "12501255"]
[WhiteElo "2513"]
[BlackElo "2507"]
[Result "1-0"]
[Round "03"]
[TimeControl "180+2"]
[Date "2022.12.27"]
[WhiteClock "0:01:07"]
[BlackClock "0:01:46"]

1. g3 d5 2. Bg2 c6 3. Nf3 Bg4 4. c4 e6 5. O-O Nd7 6. cxd5 exd5 7. d3 Ngf6 8. Nc3 Bc5 9. Qb3 Qb6 10. Qc2 O-O 11. Na4 Qb5 12. Nxc5 Qxc5 13. Qb3 Qb6 14. Qc2 Rfe8 15. h3 Bh5 16. b3 d4 17. Bb2 c5 18. g4 Bg6 19. Nh4 Rac8 20. f4 h5 21. f5 Bh7 22. g5 Ne5 23. gxf6 Qxf6 24. Nf3 Qxf5 25. Nxe5 Qxe5 26. Rf2 Re6 27. Raf1 Bg6 28. Bc1 b6 29. Bf4 Qf6 30. Qd2 Qe7 31. Bd5 Re3 32. Bg2 Re8 33. Bf3 Qe6 34. Qd1 Qxh3 35. Bxe3 dxe3 36. Rg2 Qe6 37. Qc1 h4 38. Qc4 Qe7 39. Rxg6 1-0


[Site "https://www.chess.com"]

[Event "Titled Tuesday Blitz December 27 Late 2022"]
[White "Suder, Jakub"]
[Black "Sreyas Payyappat"]
[WhiteFideId "1195310"]
[BlackFideId "46674969"]
[WhiteElo "2244"]
[BlackElo "2076"]
[Result "1-0"]
[Round "03"]
[TimeControl "180+2"]
[Date "2022.12.27"]
[WhiteClock "0:01:32"]
[BlackClock "0:01:00"]

1. c4 c5 2. Nf3 Nc6 3. d4 cxd4 4. Nxd4 Nf6 5. Nc3 d5 6. cxd5 Nxd5 7. Nxc6 bxc6 8. Bd2 e6 9. e4 Nxc3 10. Bxc3 Bd7 11. Qg4 Qb6 12. Bc4 Bb4 13. Qxg7 O-O-O 14. Bxb4 Qxb4+ 15. Qc3 Qxc3+ 16. bxc3 Kc7 17. Ke2 Rhg8 18. g3 Rg5 19. Bb3 Rc5 20. Rac1 Bc8 21. Rhd1 Ba6+ 22. Ke1 Bd3 23. f3 f5 24. exf5 exf5 25. Kf2 a5 26. Re1 Rd7 27. Be6 Re7 28. Bg8 Rg7 29. Bb3 Kb6 30. Re3 Bc4 31. Rb1 Bxb3 32. axb3 Rd7 33. Ke2 Rcd5 34. Rb2 Kc5 35. Ra2 Kb6 36. b4 axb4 37. cxb4 Kb5 38. Rb2 Rf7 39. Re8 f4 40. gxf4 Rxf4 41. Re4 Rxe4+ 42. fxe4 Rd4 43. Ke3 Rxb4 44. Rxb4+ Kxb4 45. e5 Kc5 46. Ke4 Kb6 47. Kf5 c5 48. e6 Kc7 49. Kf6 c4 50. e7 1-0


[Site "https://www.chess.com"]

[Event "Titled Tuesday Blitz December 27 Late 2022"]
[White "Sukandar, Irine Kharisma"]
[Black "Jenkins, Drake"]
[WhiteFideId "7101937"]
[BlackFideId "2022397"]
[WhiteElo "2390"]
[BlackElo "2130"]
[Result "0-1"]
[Round "03"]
[TimeControl "180+2"]
[Date "2022.12.27"]
[WhiteClock "0:00:09"]
[BlackClock "0:00:02"]

1. e4 c5 2. Nc3 g6 3. d4 cxd4 4. Qxd4 Nf6 5. Nf3 Nc6 6. Qa4 d6 7. e5 dxe5 8. Nxe5 Bd7 9. Nxd7 Qxd7 10. Bf4 Bg7 11. Be2 O-O 12. O-O Rad8 13. Bd3 Nd5 14. Nxd5 Qxd5 15. Rab1 Qh5 16. Be3 Bd4 17. Rfe1 Rd6 18. Bxd4 Rxd4 19. Qb3 Rd7 20. h3 Rfd8 21. a3 Qg5 22. Re3 Nd4 23. Qa4 a6 24. Rbe1 e6 25. Qb4 Nc6 26. Qe4 Rd4 27. Qf3 Rf4 28. Qe2 Nd4 29. Qd1 Nc6 30. Kh1 Rxf2 31. Rg1 Qxe3 0-1


[Site "https://www.chess.com"]

[Event "Titled Tuesday Blitz December 27 Late 2022"]
[White "Szente Varga, Fruzsina"]
[Black "Carbone, Diego"]
[WhiteFideId "712264"]
[BlackFideId "3002179"]
[WhiteElo "2075"]
[BlackElo "2336"]
[Result "1/2-1/2"]
[Round "03"]
[TimeControl "180+2"]
[Date "2022.12.27"]
[WhiteClock "0:00:22"]
[BlackClock "0:00:36"]

1. e4 e5 2. Nf3 Nc6 3. Bb5 a6 4. Ba4 Nf6 5. Qe2 b5 6. Bb3 Bc5 7. c3 d6 8. O-O O-O 9. h3 h6 10. Rd1 Bb6 11. d3 Re8 12. Nbd2 Be6 13. Bc2 d5 14. exd5 Bxd5 15. Ne4 Qe7 16. Nh4 Nxe4 17. dxe4 Be6 18. Nf5 Qf6 19. Qg4 Kh7 20. Qg3 Ne7 21. Ne3 c6 22. Ng4 Bxg4 23. hxg4 g5 24. Be3 Bc7 25. Rd7 Rac8 26. a4 Qe6 27. Rad1 Red8 28. Rxd8 Rxd8 29. Rxd8 Bxd8 30. axb5 axb5 31. Qf3 Ba5 32. Bc5 Ng6 33. g3 Qc4 34. b4 Bc7 35. Bd3 Qe6 36. Qe2 Bd6 37. Bxd6 Qxd6 38. Qa2 Nf8 39. Qxf7+ Kh8 40. Bc2 Ng6 41. Bb3 Ne7 42. Be6 c5 43. Qf6+ Kh7 44. Bf5+ Nxf5 45. Qxf5+ Kg7 46. bxc5 Qxc5 47. Qd7+ Kg6 48. Qe6+ Kg7 49. Qd7+ Kg6 50. Kg2 Qxc3 1/2-1/2


[Site "https://www.chess.com"]

[Event "Titled Tuesday Blitz December 27 Late 2022"]
[White "Taboas Rodriguez, Daniel"]
[Black "Stanojevic, Ilija"]
[WhiteFideId "2208466"]
[BlackFideId "959995"]
[WhiteElo "2371"]
[BlackElo "2142"]
[Result "1-0"]
[Round "03"]
[TimeControl "180+2"]
[Date "2022.12.27"]
[WhiteClock "0:01:34"]
[BlackClock "0:00:07"]

1. d4 d5 2. Nf3 Nf6 3. c4 dxc4 4. e3 Bg4 5. Bxc4 e6 6. Nc3 Bd6 7. h3 Bh5 8. g4 Bg6 9. Nh4 Nc6 10. Nxg6 hxg6 11. Bb5 a6 12. Bxc6+ bxc6 13. Qf3 c5 14. dxc5 Bxc5 15. Qc6+ Nd7 16. Ke2 Bd6 17. Ne4 O-O 18. Nxd6 cxd6 19. Qxd6 Qc8 20. Bd2 Qc4+ 21. Qd3 Qxd3+ 22. Kxd3 Rfd8 23. Ke2 Rab8 24. b3 Nc5 25. Rhd1 Ne4 26. Be1 Rdc8 27. Rac1 Kf8 28. f3 Nf6 29. e4 Ke8 30. Bg3 Ra8 31. Be5 a5 32. h4 a4 33. b4 a3 34. Bxf6 gxf6 35. h5 gxh5 36. gxh5 Ke7 37. b5 Rxc1 38. Rxc1 Rb8 39. Rb1 Kd6 40. Rb3 Kc5 41. b6 Kc6 42. b7 Kc7 43. Ke3 e5 44. h6 Kd7 45. Kd3 Kc7 46. Kc4 Kc6 47. h7 Kc7 48. Kc5 f5 49. exf5 f6 50. Rb4 Kd7 51. Kb6 1-0


[Site "https://www.chess.com"]

[Event "Titled Tuesday Blitz December 27 Late 2022"]
[White "Talibov, Shiroghlan"]
[Black "Rasulov, Vugar"]
[WhiteFideId "13429078"]
[BlackFideId "13402390"]
[WhiteElo "2359"]
[BlackElo "2523"]
[Result "1-0"]
[Round "03"]
[TimeControl "180+2"]
[Date "2022.12.27"]
[WhiteClock "0:00:06"]
[BlackClock "0:00:13"]

1. c4 Nf6 2. Nc3 e6 3. e4 d5 4. cxd5 exd5 5. e5 Ne4 6. Nf3 Nxc3 7. dxc3 Be7 8. Bd3 Nc6 9. h3 Be6 10. Bf4 h6 11. Qd2 Qd7 12. Nd4 Nxd4 13. cxd4 O-O-O 14. O-O-O Qa4 15. Bb1 c5 16. Be3 Kb8 17. Qc2 Qa5 18. Qc3 Qxc3+ 19. bxc3 Rc8 20. Kb2 Rc6 21. f4 Rhc8 22. f5 Bd7 23. dxc5 Bxc5 24. Bf4 Rb6+ 25. Ka1 Ba3 26. Rd2 Ka8 27. Be3 Bc5 28. Bd4 Bxd4 29. cxd4 a5 30. g4 a4 31. Rc2 Rxc2 32. Bxc2 Rb4 33. Rd1 a3 34. Bb3 Bc6 35. Kb1 Ba4 36. Kc2 Bxb3+ 37. axb3 Kb8 38. Kc3 Rb6 39. Ra1 Rc6+ 40. Kd2 Ra6 41. b4 Kc7 42. Kc3 Rc6+ 43. Kb3 Rc4 44. Rd1 a2 45. Kxa2 Rxb4 46. Ka3 Rc4 47. Kb3 Kc6 48. Rd3 b5 49. Rc3 Kb6 50. Re3 Kc7 51. e6 fxe6 52. Rxe6 Rxd4 53. Rg6 Rf4 54. Rxg7+ Kd6 55. Rg6+ Kc5 56. Rxh6 Rf3+ 57. Kc2 b4 58. Rh8 b3+ 59. Kb2 d4 60. Rc8+ Kb4 61. Rb8+ Kc4 62. h4 Rf2+ 63. Kb1 d3 64. Rc8+ Kd4 65. Rd8+ Ke4 66. g5 d2 67. f6 Ke3 68. h5 Rf5 69. g6 Rxf6 70. g7 Rf1+ 71. Kb2 Rg1 72. h6 Rg2 73. Kxb3 Rg6 74. h7 Rxg7 75. h8=Q Rb7+ 76. Ka4 Ra7+ 77. Kb5 Rb7+ 78. Ka6 Rb1 79. Qc3+ Ke4 80. Qd3+ Ke5 81. Qxb1 d1=Q 82. Qxd1 Ke6 83. Qd7+ Kf6 84. Rf8+ Kg6 85. Qf7+ Kg5 86. Rg8+ Kh6 87. Qg6# 1-0


[Site "https://www.chess.com"]

[Event "Titled Tuesday Blitz December 27 Late 2022"]
[White "Tanenbaum, Zachary"]
[Black "Estrada Nieto, Julian"]
[WhiteFideId "2060850"]
[BlackFideId "5101018"]
[WhiteElo "2261"]
[BlackElo "2215"]
[Result "1-0"]
[Round "03"]
[TimeControl "180+2"]
[Date "2022.12.27"]
[WhiteClock "0:00:36"]
[BlackClock "0:00:52"]

1. e4 e5 2. Nf3 Nc6 3. Bc4 Bc5 4. c3 Nf6 5. d4 exd4 6. b4 Bb6 7. e5 d5 8. exf6 dxc4 9. Qe2+ Be6 10. b5 Na5 11. fxg7 Rg8 12. cxd4 Bxd4 13. Nxd4 Qxd4 14. Bb2 Qd3 15. Bf6 Qg6 16. Qe5 Qxg2 17. Rf1 Qd5 18. Qxd5 Bxd5 19. Nc3 Bf3 20. Kd2 Kd7 21. Rfe1 Rae8 22. Rxe8 Kxe8 23. Re1+ Kd7 24. Re7+ Kd6 25. Rxf7 Bd5 26. Nxd5 Kxd5 27. Rf8 Rxg7 28. Bxg7 Kc5 29. Rf5+ Kb4 30. Bc3+ Ka4 31. Bxa5 Kxa5 32. Kc3 Ka4 33. Kxc4 1-0


[Site "https://www.chess.com"]

[Event "Titled Tuesday Blitz December 27 Late 2022"]
[White "TheKnightOfBosnia"]
[Black "Slade, Theodore"]
[BlackFideId "426547"]
[WhiteElo "2434"]
[BlackElo "1995"]
[Result "0-1"]
[Round "03"]
[TimeControl "180+2"]
[Date "2022.12.27"]
[WhiteClock "0:00:17"]
[BlackClock "0:00:59"]

1. e4 e5 2. Nf3 Nc6 3. Bb5 Nf6 4. d3 Bc5 5. O-O Nd4 6. Nxd4 Bxd4 7. c3 Bb6 8. Be3 c6 9. Ba4 Bxe3 10. fxe3 O-O 11. Nd2 Qb6 12. Nc4 Qc7 13. Bc2 d5 14. exd5 cxd5 15. Nd2 Qb6 16. d4 exd4 17. exd4 Bg4 18. Qc1 Rfe8 19. Nf3 Ne4 20. Ne5 Rxe5 21. Qf4 Re7 22. Bxe4 dxe4 23. Qxg4 Qxb2 24. Kh1 Qxc3 25. Rac1 Qxd4 26. Rfd1 Qe5 27. Rd7 h5 28. Rxe7 Qxe7 29. Qxh5 Re8 30. Qe2 e3 31. h3 Qd6 32. Rc2 Qd5 33. Rc7 Qd2 34. Qf3 Qxa2 35. Rxb7 e2 0-1


[Site "https://www.chess.com"]